 Dungeon Crawl Stone Soup version 0.23.2-40-g277498a001 (webtiles) character file.

Game seed: 1904007600989641816

6406 H0rd4k the Thaumaturge (level 10, -8/53 HPs)
             Began as a Deep Elf Wizard on Sept 30, 2019.
             Was a High Priest of Sif Muna.
             Killed from afar by a manticore (14 damage)
             ... with a volley of spikes
             ... on level 11 of the Dungeon on Oct 1, 2019.
             The game lasted 00:30:53 (12130 turns).

H0rd4k the Thaumaturge (Deep Elf Wizard)           Turns: 12130, Time: 00:30:54

Health: -8/53      AC:  3    Str:  4    XL:     10   Next: 66%
Magic:  0/30       EV: 14    Int: 27    God:    Sif Muna [*****.]
Gold:   421        SH:  0    Dex: 13    Spells: 31/37 levels left

rFire    . . .     SeeInvis .   t - staff of summoning
rCold    . . .     Gourm    .   (no shield)
rNeg     . . .     Faith    .   a - +0 robe
rPois    .         Spirit   +   r - +0 helmet
rElec    .         Reflect  .   (no cloak)
rCorr    +         Harm     .   (no gloves)
MR       +....                  (no boots)
Stlth    +++.......             s - amulet of guardian spirit
HPRegen  0.17/turn              h - ring of resist corrosion
MPRegen  0.22/turn              (no ring)

@: lethally poisoned (-8 -> -14), barbed spikes
A: no striking features
a: Divine Energy, Channel Magic, Forget Spell, Renounce Religion


You were on level 11 of the Dungeon.
You worshipped Sif Muna.
Sif Muna was extremely pleased with you.
You were not hungry.

You visited 2 branches of the dungeon, and saw 12 of its levels.

You collected 421 gold pieces.

Inventory:

Hand Weapons
 f - a +1 short sword of electrocution
 v - a +5 short sword of freezing
 F - a +1 blowgun
 G - a +2 long sword of protection
Missiles
 q - 4 tomahawks (quivered)
 H - 6 curare-tipped needles
Armour
 a - a +0 robe (worn)
 b - a +1 hat
 r - a +0 helmet (worn)
Magical Staves
 t - an uncursed staff of summoning (weapon)
 z - an uncursed staff of death
Jewellery
 h - a ring of resist corrosion (left hand)
 l - an uncursed amulet of the gourmand
 s - an amulet of guardian spirit (around neck)
Wands
 B - a wand of polymorph (5)
 C - a wand of random effects (18)
Scrolls
 c - a scroll of enchant armour
 e - a scroll of teleportation
 g - a scroll of fog
 m - 7 scrolls of remove curse
 n - a scroll of acquirement {unknown}
 p - 6 scrolls of identify
 u - a scroll of enchant weapon
 E - a scroll of noise
Potions
 i - 3 potions of might
 j - a potion of cancellation
 k - 3 potions of agility
 o - a potion of resistance {unknown}
 w - a potion of invisibility {unknown}
 A - 2 potions of heal wounds {unknown}
Comestibles
 d - 12 rations
 x - 4 chunks of flesh


   Skills:
 + Level 1.8 Fighting
 + Level 4.6 Dodging
 + Level 4.7 Stealth
 + Level 14.2 Spellcasting
 + Level 10.2 Conjurations
   Level 1.1 Summonings
 + Level 3.9 Translocations
 + Level 3.9 Fire Magic
 + Level 1.3 Evocations


You had 31 spell levels left.
You knew the following spells:

 Your Spells              Type           Power        Failure   Level  Hunger
a - Magic Dart            Conj           ####         1%          1    None
b - Blink                 Tloc           N/A          1%          2    None
c - Conjure Flame         Conj/Fire      ######..     1%          3    None

Your spell library contained the following spells:

 Spells                   Type           Power        Failure   Level  Hunger
 Apportation              Tloc           #####.       1%          1    None
 Mephitic Cloud           Conj/Pois/Air  #####...     1%          3    None
 Call Imp                 Summ           #####...     2%          2    None
 Slow                     Hex            ###.....     4%          2    None
 Summon Forest            Summ/Tloc      #####.....   28%         5    #......
 Dispersal                Tloc           #####.....   65%         6    ####...
 Controlled Blink         Tloc           N/A          100%        8    #######


Dungeon Overview and Level Annotations

Branches:
Dungeon (12/15)            Temple (1/1) D:4
   Lair: D:8-11         Orc: D:9-12

Altars:
Ashenzari
Dithmenos
Fedhas
Gozag
Makhleb
Nemelex Xobeh
Sif Muna
Trog
Uskayaw
Vehumet
Wu Jian
Zin
The Shining One

Annotations:
D:6 exclusion: 2 downstairs, Prince Ribbit
D:7 Joseph
D:8 exclusion: downstairs
D:9 Harold


Message History

The barbed spikes become lodged in your body.
Unknown command.
You feel sick.
The manticore flicks its tail.
The volley of spikes hits you!
The barbed spikes become lodged in your body.
* * * LOW HITPOINT WARNING * * *
It was a potion of might.
You feel very mighty all of a sudden.
* * * LOW HITPOINT WARNING * * *
You feel sick.
It was a potion of cancellation.
You feel strangely stable.
Your magical effects are unravelling.
You feel magically purged.
You feel a little less mighty now.
The manticore flicks its tail.
The volley of spikes hits you!
The barbed spikes become lodged in your body.
You die...

##############
#...÷o...{.○)#
#####.#####.####○#
.o..........# #@#
.####...≈#### #.#
[ #..≈≈≈# #.# o
#..≈PP≈≈≈≈ #.# .
..≈≈≈≈≈≈≈≈
#H###### .
≈≈.P≈≈≈≈###
#......## .
≈≈P≈≈≈≈##
#......(## ######
. Po;≈≈P≈.
#........# #....#
≈... #.Z......#
#....#


You could see a manticore.

Vanquished Creatures
  2 hydras
  A meliai (D:12)
  A troll (D:12)
  A hornet (D:12)
  A hippogriff (D:9)
  A yak (D:11)
  A shadow (D:11)
  Grum (D:8)
  2 ice beasts
  2 orc warriors
  A sky beast (D:8)
  2 phantoms (D:5)
  A centaur (D:8)
  2 necrophages
  5 ogres
  3 wolves (D:8)
  2 big kobolds
  5 bullfrogs
  3 wyvern zombies
  3 scorpions
  3 wights (D:11)
  4 killer bees (D:12)
  2 howler monkeys (D:5)
  A centaur zombie (D:12)
  3 crimson imps
  2 bullfrog zombies
  2 orc priests
  8 orc wizards
  2 jellies
  2 hounds
  A centaur skeleton (D:6)
  An iguana (D:5)
  8 worker ants
  Ijyb (D:3)
  A hound zombie (D:9)
  2 worker ant zombies
  8 adders
  7 gnolls (D:3)
  A shadow imp (D:8)
  An adder zombie (D:5)
  4 worms
  An adder skeleton (D:5)
  3 dart slugs
  3 leopard geckos
  26 orcs
  6 ball pythons
  5 giant cockroaches
  4 goblins
  8 hobgoblins
  6 jackals
  5 quokkas
  5 bats
  8 frilled lizards
  17 kobolds
  A leopard gecko zombie (D:4)
  A quokka skeleton (D:5)
  5 rats
208 creatures vanquished.

Vanquished Creatures (others)
  5 toadstools (D:1)
5 creatures vanquished.

Grand Total: 213 creatures vanquished

Notes
Turn   | Place    | Note
-------+----------+-------------------------------------------
     0 | D:1      | H0rd4k the Deep Elf Wizard began the quest for the Orb.
     0 | D:1      | Reached XP level 1. HP: 10/10 MP: 7/7
   228 | D:1      | Reached skill level 5 in Spellcasting
   228 | D:1      | Reached XP level 2. HP: 11/15 MP: 7/10
  1022 | D:1      | Reached XP level 3. HP: 19/19 MP: 7/12
  1026 | D:1      | Learned a level 2 spell: Blink
  1030 | D:1      | Learned a level 3 spell: Conjure Flame
  1667 | D:2      | Found a shattered altar of Ashenzari.
  1672 | D:2      | Reached XP level 4. HP: 24/24 MP: 3/13
  2048 | D:3      | Reached skill level 6 in Spellcasting
  2423 | D:3      | Reached XP level 5. HP: 16/28 MP: 9/15
  2770 | D:3      | Noticed Ijyb
  2792 | D:4      | Found a staircase to the Ecumenical Temple.
  2804 | Temple   | Entered the Ecumenical Temple
  2912 | Temple   | Became a worshipper of Sif Muna the Loreminder
  3120 | D:3      | HP: 1/42 [orc wizard/puff of flame (3)]
  3360 | D:3      | Killed Ijyb
  3360 | D:3      | Reached XP level 6. HP: 17/33 MP: 0/17
  3620 | D:3      | Reached skill level 7 in Spellcasting
  3694 | D:3      | Found an ornate altar of the Wu Jian Council.
  4652 | D:5      | Entered Level 5 of the Dungeon
  4652 | D:5      | Noticed an ice beast
  4753 | D:4      | Killed an ice beast
  4753 | D:4      | Reached * piety under Sif Muna
  4753 | D:4      | Reached skill level 8 in Spellcasting
  4753 | D:4      | Reached XP level 7. HP: 30/37 MP: 2/20
  4881 | D:5      | Reached skill level 5 in Conjurations
  5296 | D:5      | Found a blossoming altar of Fedhas.
  5828 | D:5      | Found a sparkling altar of Nemelex Xobeh.
  5829 | D:5      | Found a glowing golden altar of the Shining One.
  5880 | D:5      | Reached skill level 9 in Spellcasting
  6208 | D:5      | Reached skill level 1 in Fighting
  6208 | D:5      | Reached XP level 8. HP: 43/43 MP: 12/23
  6375 | D:6      | Noticed Prince Ribbit
  6476 | D:6      | Reached skill level 10 in Spellcasting
  6627 | D:6      | Reached ** piety under Sif Muna
  6827 | D:6      | Reached skill level 1 in Fire Magic
  7199 | D:7      | Noticed Joseph
  8113 | D:8      | Noticed Grum
  8157 | D:8      | Killed Grum
  8157 | D:8      | Reached skill level 11 in Spellcasting
  8157 | D:8      | Reached XP level 9. HP: 17/48 MP: 3/26
  8641 | D:8      | Reached *** piety under Sif Muna
  9009 | D:8      | Reached skill level 1 in Evocations
  9453 | D:9      | Noticed Harold
  9507 | D:9      | Reached skill level 12 in Spellcasting
  9841 | D:9      | Found a burning altar of Makhleb.
 10152 | D:9      | You fall through a shaft for 3 floors!
 10160 | D:12     | Reached **** piety under Sif Muna
 10189 | D:12     | Noticed a meliai
 10198 | D:12     | Killed a meliai
 10578 | D:12     | Noticed a meliai
 10648 | D:12     | Noticed an eight-headed hydra
 10655 | D:12     | Reached skill level 13 in Spellcasting
 10655 | D:12     | Reached XP level 10. HP: 11/53 MP: 4/29
 10991 | D:12     | Killed an eight-headed hydra
 11372 | D:11     | Noticed a seven-headed hydra
 11429 | D:11     | Killed a seven-headed hydra
 11429 | D:11     | Reached ***** piety under Sif Muna
 11429 | D:11     | Identified Sif Muna's Compendium of Translocation (Sif Muna
                  | gifted it to you on level 11 of the Dungeon)
 11429 | D:11     | Received a gift from Sif Muna
 11429 | D:11     | Reached skill level 14 in Spellcasting
 11884 | D:11     | Noticed a centaur warrior
 11922 | D:11     | Reached skill level 10 in Conjurations
 12037 | D:11     | Noticed a red ugly thing
 12125 | D:11     | Noticed a manticore
 12130 | D:11     | Killed from afar by a manticore

Skill      XL: |  1  2  3  4  5  6  7  8  9 10 |
---------------+-------------------------------+-----
Spellcasting   | 5 6 8 9 11 13 14 | 14.2
Conjurations   | 2 3 4 5 7 9 10 | 10.2
Dodging        | 3 4 |  4.6
Stealth        | 3 4 |  4.7
Translocations | 2 3 |  3.9
Fighting       | 1 |  1.8
Fire Magic     | 1 2 3 |  3.9
Evocations     | 1 |  1.3
Summonings     | |  1.1

Action                   |  1- 3 |  4- 6 |  7- 9 | 10-12 || total
-------------------------+-------+-------+-------+-------++-------
Melee: Unarmed           |       |     1 |       |       ||     1
       Staff             |       |       |       |     1 ||     1
 Cast: Magic Dart        |   120 |   189 |   399 |   168 ||   876
       Blink             |       |    10 |    10 |     3 ||    23
       Conjure Flame     |       |    13 |    44 |    24 ||    81
Evoke: Wand              |       |       |    12 |     1 ||    13
  Use: Potion            |     2 |     2 |     1 |     2 ||     7
       Scroll            |       |     2 |    13 |     3 ||    18
  Eat: Chunk             |     2 |     7 |    11 |     3 ||    23
       Ration            |       |     1 |     2 |       ||     3
Armor: Robe              |     5 |     8 |     6 |     2 ||    21
       Skin              |       |     3 |       |       ||     3
Dodge: Dodged            |    40 |    37 |    95 |    10 ||   182
